 Dungeon Crawl Stone Soup version 0.28.0-45-g0d030f2227 (webtiles) character file.

Game seed: 16535456820414825615

25 McKennaii the Conjurer (level 2, -1/19 HPs)
             Began as a Demonspawn Conjurer on Apr 8, 2022.
             Slain by a jackal (2 damage)
             ... on level 1 of the Dungeon.
             The game lasted 00:01:07 (813 turns).

McKennaii the Conjurer (Demonspawn Conjurer)         Turns: 813, Time: 00:01:07

Health: -1/19      AC:  2    Str:  4 (7)  XL:     2   Next: 82%
Magic:  0/5        EV: 11    Int: 16 (19) God:
Gold:   12         SH:  0    Dex:  8 (11) Spells: 3/6 levels left

rFire   . . .      SeeInvis .   (no weapon)
rCold   . . .      Faith    .   (no shield)
rNeg    . . .      Spirit   .   a - +0 robe
rPois   .          Reflect  .   (helmet restricted)
rElec   .          Harm     .   (no cloak)
rCorr   .          Rampage  .   (no gloves)
Will    .....                   (no boots)
Stlth   +.........              (no amulet)
HPRegen 0.06/turn               e - ring of wizardry
MPRegen 0.09/turn               (no ring)

@: brilliant
A: antennae 1
a: no special abilities


You were on level 1 of the Dungeon.
You visited 1 branch of the dungeon, and saw 1 of its levels.

You collected 12 gold pieces.

Inventory:

Armour
 a - a +0 robe (worn)
Jewellery
 e - a ring of wizardry (left hand)
Scrolls
 c - a scroll of enchant weapon {unknown}
 d - 2 scrolls of identify {unknown}
 f - a scroll of fear {unknown}


   Skills:
 - Level 1.7 Dodging
 - Level 1.7 Stealth
 + Level 2.6 Spellcasting
 + Level 4.4 Conjurations


You had 3 spell levels left.
You knew the following spells:

 Your Spells              Type           Power      Damage    Failure   Level
a - Magic Dart            Conj           96%        1d7       1%          1
b - Searing Ray           Conj           48%        2d6       1%          2

Your spell library contained the following spells:

 Spells                   Type           Power      Damage    Failure   Level
 Dazzling Flash           Conj/Hex       26%        N/A       10%         3
 Fulminant Prism          Conj/Hex       6%         3d7       30%         4
 Iskenderun's Mystic Bla  Conj/Tloc      13%        2d5       30%         4


Dungeon Overview and Level Annotations

Branches:
Dungeon (1/15)

Altars:


Innate Abilities, Weirdness & Mutations

You have a pair of small antennae on your head.


Message History

The jackal closely misses you. x2
Unknown command.
Casting: Magic Dart (safe; 1% risk of failure)
Confirm with . or Enter, or press ? or * to list all spells.
Okay, then.
You hit the jackal but do no damage.
The jackal is moderately wounded.
The jackal bites you.
* * * LOW HITPOINT WARNING * * *
Unknown command.
Casting: Magic Dart (safe; 1% risk of failure)
Confirm with . or Enter, or press ? or * to list all spells.
Aiming: Searing Ray (safe; 1% risk of failure)
Press: ? - help, Shift-Dir - straight line, f - hobgoblin, p - jackal
Aim: a hobgoblin (moderately wounded, 78% to hit)
The searing ray misses the jackal.
The searing ray hits the hobgoblin.
You kill the hobgoblin! (Press . to maintain the ray.)
The jackal misses you. The jackal bites you.
* * * LOW HITPOINT WARNING * * *
Unknown command.
Unknown command.
The searing ray hits the jackal.
You kill the jackal!
The searing ray hits the rat!
You kill the rat!
Unknown command.
Unknown command.
You barely miss the jackal. The jackal barely misses you.
Unknown command.
It was a potion of degeneration.
There was something very wrong with that liquid.
You feel weakened.
You feel dopey.
You feel clumsy. The jackal bites you.
* * * LOW HITPOINT WARNING * * *
The jackal closely misses you.
It was a potion of brilliance.
You feel clever all of a sudden. The jackal bites you.
You die...

########## #........#
#######
#.######.########.....####
#.# #.)..................###
#.###.#######.g....r........
#>.....# #.###.#.........
#######'#########†#
#..##.......
#.............#@h.#
##.##.##....
#...##...##...#####
#.##h##.#.. #<..##...##..>#
#.##.##.#.. #≈≈≈..........#
#.##h...... #≈≈≈≈....)....#
#.#####h#.. #⌠≈≈≈≈.⌠.....⌠#
#. #.### ############### #h#
######.###...# #h#
...#.........# #r###


You could see a jackal.

Vanquished Creatures
  A dart slug (D:1)
  2 ball pythons (D:1)
  A bat (D:1)
  An endoplasm (D:1)
  A giant cockroach (D:1)
  3 goblins (D:1)
  3 hobgoblins (D:1)
  A jackal (D:1)
  3 quokkas (D:1)
  A frilled lizard (D:1)
  2 rats (D:1)
19 creatures vanquished.

Notes
Turn   | Place    | Note
-------+----------+-------------------------------------------
     0 | D:1      | McKennaii the Demonspawn Conjurer began the quest for the
                  | Orb.
     0 | D:1      | Reached XP level 1. HP: 13/13 MP: 3/3
   366 | D:1      | Gained mutation: You have a pair of small antennae on your
                  | head. [demonic ancestry]
   366 | D:1      | Reached XP level 2. HP: 19/19 MP: 0/5
   633 | D:1      | Learned a level 2 spell: Searing Ray
   813 | D:1      | Slain by a jackal

Illustrated notes

Levels and vault maps discovered:
D:1:      amcnicky_arrival_flooded_fountain, layout_loops_ring, minmay_3d_cube

Action                   || total
-------------------------++-------
Melee: Unarmed           ||    18
       Punch             ||     1
 Cast: Magic Dart        ||    28
       Searing Ray       ||     1
  Use: Potion            ||     2
Armor: Robe              ||     6
Dodge: Dodged            ||    29
